AoeStats
← Comend x comend

Black Forest

508360679Analyzed
4v4 RM · 9d ago on Sep 22, 2026· 60m 53s· 8 players
Game mode
Random Map
Map size
Large (8 player)
Population
200
Speed
Normal
Resources
Standard
Victory
Conquest
Starting age
Dark Age
Ending age
Imperial Age
RankedLock teamsTeams togetherTeam positionsShared explorationLock speedFull tech treeHidden civsTurbo modeCheats
Victory
Defeat
🇵🇪 Mongols · Peru
1453
+10
🇨🇳 Spanish · China
1448
+11
🇻🇳 Japanese · Vietnam
1443
+11
🇦🇷 Bohemians · Argentina
1273
+17
🇨🇦 Italians · Canada
1349
-13
🇵🇪 Turks · Peru
1337
-13
🇦🇷 Goths · Argentina
1320
-12
🇧🇪 Portuguese · Belgium
1281
-11
noumha
0:27 Loom
11:13 Feudal Age
17:43 Castle Age
16:34 Double-Bit Axe
25:03 Imperial Age
23:59 Fortified Wall
25:06 Horse Collar
28:33 Bow Saw
30:26 Chemistry
35:46 Padded Archer Armor
42:04 Leather Archer Armor
42:05 Siege Engineers
41:50 Elite Skirmisher
42:36 Thumb Ring
43:58 Fletching
44:39 Ring Archer Armor
44:41 Arquebus
52:21 Bodkin Arrow
53:01 Conscription
55:42 Bracer
55:57 Masonry
56:09 Ballistics
56:02 Masonry
Comend x comend
12:55 Feudal Age
16:33 Castle Age
21:10 Imperial Age
27:41 Loom
28:44 Wheelbarrow
40:58 Horse Collar
42:14 Hand Cart
41:45 Loom
42:15 Heavy Plow
45:13 Bloodlines
45:04 Husbandry
45:15 Double-Bit Axe
46:11 Heavy Camel Rider
51:04 Cavalier
52:37 Forging
52:32 Scale Barding Armor
52:37 Forging
52:33 Scale Barding Armor
56:15 Iron Casting
56:00 Chain Barding Armor
56:15 Iron Casting
56:00 Chain Barding Armor
59:18 Blast Furnace
LVDB_Curandero
7:39 Loom
10:31 Feudal Age
14:29 Castle Age
12:45 Double-Bit Axe
13:00 Horse Collar
13:12 Gold Mining
17:16 Bow Saw
19:25 Heavy Plow
21:13 Town Watch
23:39 Wheelbarrow
24:52 Hand Cart
24:22 Town Watch
29:50 Imperial Age
27:23 Scale Mail Armor
27:33 Forging
27:47 Ballistics
27:38 Masonry
28:19 Chain Mail Armor
28:22 Fletching
28:29 Stone Mining
29:00 Anarchy
29:36 Iron Casting
30:01 Bodkin Arrow
30:18 Squires
30:33 Perfusion
30:54 Conscription
32:06 Sappers
33:06 Town Patrol
35:15 Blast Furnace
37:23 Two-Man Saw
38:09 Elite Huskarl
43:39 Bracer
47:37 Murder Holes
48:13 Architecture
52:48 Chemistry
53:53 Crop Rotation
55:11 Caravan
55:41 Coinage
56:02 Guilds
58:46 Stone Shaft Mining
OdinsProphet
0:53 Loom
11:32 Feudal Age
15:14 Castle Age
13:24 Double-Bit Axe
15:27 Town Watch
15:25 Horse Collar
18:57 Fletching
20:43 Bow Saw
21:03 Bodkin Arrow
26:50 Wheelbarrow
26:45 Padded Archer Armor
27:16 Ballistics
32:46 Imperial Age
32:49 Leather Archer Armor
33:51 Heavy Plow
34:26 Conscription
35:47 Bracer
37:09 Ring Archer Armor
36:54 Cavalier
39:04 Bloodlines
38:54 Husbandry
40:29 Scale Barding Armor
40:35 Forging
40:07 Onager
42:14 Chain Barding Armor
42:48 Iron Casting
43:47 Two-Man Saw
45:27 Gold Mining
45:28 Stone Mining
46:22 Plate Barding Armor
45:36 Light Cavalry
48:04 Silk Road
48:57 Chemistry
49:26 Crop Rotation
50:15 Guilds
50:40 Coinage
49:43 Hussar
50:28 Elite Genoese Crossbowman
52:16 Banking
51:46 Caravan
53:08 Masonry
55:01 Blast Furnace
_Kev_
2:30 Loom
12:07 Feudal Age
16:38 Castle Age
15:47 Horse Collar
16:15 Double-Bit Axe
23:51 Fletching
37:21 Wheelbarrow
37:15 Town Watch
38:10 Heavy Plow
38:22 Bow Saw
39:11 Hand Cart
39:20 Scale Barding Armor
43:17 Imperial Age
40:52 Light Cavalry
41:43 Bloodlines
41:33 Husbandry
43:28 Hussar
45:02 Chain Barding Armor
45:38 Forging
47:26 Iron Casting
49:18 Blast Furnace
48:30 Caravan
47:58 Onager
50:14 Siege Onager
51:27 Conscription
53:18 Drill
58:31 Chemistry
57:10 Capped Ram
58:44 Siege Ram
61:07 Ballistics
我是你大飞哥
5:06 Loom
12:33 Feudal Age
13:20 Double-Bit Axe
15:58 Castle Age
24:06 Wheelbarrow
24:35 Bloodlines
24:50 Stone Mining
25:11 Padded Archer Armor
26:11 Husbandry
27:09 Leather Archer Armor
30:49 Imperial Age
29:00 Fletching
31:02 Bodkin Arrow
30:51 Elite Skirmisher
32:33 Chemistry
31:23 Elite Conquistador
35:42 Ballistics
36:38 Bracer
37:08 Ring Archer Armor
37:08 Conscription
38:52 Redemption
39:08 Illumination
41:06 Horse Collar
41:38 Masonry
42:13 Thumb Ring
47:55 Supremacy
47:44 Cavalier
48:32 Scale Barding Armor
48:37 Forging
50:26 Architecture
50:46 Hand Cart
55:00 Chain Barding Armor
55:16 Iron Casting
58:10 Light Cavalry
MatRm10
10:14 Feudal Age
14:19 Castle Age
13:20 Double-Bit Axe
13:18 Horse Collar
21:08 Wheelbarrow
20:20 Loom
22:19 Bow Saw
28:06 Imperial Age
27:41 Hand Cart
27:33 Fletching
28:55 Chemistry
27:57 Padded Archer Armor
28:53 Bodkin Arrow
30:07 Two-Man Saw
29:15 Heavy Plow
30:39 Leather Archer Armor
31:48 Conscription
32:00 Ballistics
34:16 Ring Archer Armor
34:00 Crossbowman
34:42 Bracer
34:49 Siege Engineers
34:53 Arbalester
36:02 Wagenburg Tactics
35:46 Houfnice
36:54 Masonry
38:19 Architecture
38:51 Elite Skirmisher
41:01 Caravan
42:08 Forging
42:51 Guilds
43:12 Coinage
45:41 Arrowslits
47:36 Banking
47:20 Scale Mail Armor
47:55 Iron Casting
50:19 Blast Furnace
49:18 Murder Holes
dustbin
0:36 Loom
11:06 Feudal Age
15:11 Castle Age
13:49 Double-Bit Axe
14:35 Horse Collar
16:28 Bow Saw
19:41 Wheelbarrow
22:37 Gold Mining
24:12 Hand Cart
29:56 Imperial Age
27:51 Squires
27:36 Arson
27:53 Scale Mail Armor
28:03 Forging
29:03 Gold Shaft Mining
28:24 Stone Mining
28:46 Heavy Plow
30:13 Guard Tower
30:16 Fletching
30:47 Chain Mail Armor
31:07 Iron Casting
30:13 Onager
32:04 Conscription
32:29 Keep
32:15 Ballistics
31:49 Treadmill Crane
33:07 Siege Engineers
33:04 Yasama
33:05 Bodkin Arrow
34:00 Plate Mail Armor
34:30 Blast Furnace
35:21 Blast Furnace
34:22 Bracer
36:41 Chemistry
35:28 Arrowslits
37:52 Two-Man Saw
37:54 Elite Samurai
38:36 Padded Archer Armor
40:18 Caravan
42:13 Masonry
42:39 Hoardings
42:33 Murder Holes
48:43 Capped Ram
53:31 Careening
57:43 Leather Archer Armor
Connection lost

Rejoining the realm…

Still unreachable

The connection could not be restored.

Session expired

The server has moved on; the page needs a fresh start.